 Dungeon Crawl Stone Soup version 0.30.1 (webtiles) character file.

Game seed: 4345141363978812616

86898 Graphine the Eternal Night (level 15, -8/137 HPs)
             Began as a Hill Orc Fighter on July 3, 2023.
             Was the Champion of Dithmenos.
             Mangled by a snapping turtle (11 damage)
             ... on level 3 of the Shoals.
             The game lasted 00:48:48 (19069 turns).

Graphine the Eternal Night (Hill Orc Fighter)      Turns: 19069, Time: 00:48:52

Health: -8/137     AC: 25    Str: 26    XL:     15   Next: 88%
Magic:  28/28      EV:  7    Int:  9    God:    Dithmenos [******]
Gold:   1534       SH:  7    Dex: 11    Spells: 14/14 levels left

rFire   . . .        D - +0 broad axe
rCold   + . .        c - +0 buckler
rNeg    + . .        u - +2 plate armour of the Griffon {Fly rC+}
rPois   +            y - +3 crown of Dyrovepreva {rElec Int+2 SInv}
rElec   +            x - +2 ratskin cloak {*Rats rPois rN+ Str-1 Int-1 Dex+1}
rCorr   .            m - +0 pair of gloves
SInv    +            (no boots)
Will    ++++.        h - amulet of regeneration Stlth
                     p - ring of willpower
HPRegen 1.22/turn    B - ring of willpower
MPRegen 0.21/turn

%: clarity
@: about to teleport, flying, wreathed by umbra
A: clarity, strong-willed 1
a: Renounce Religion, Shadow Step, Shadow Form


You were on level 3 of the Shoals.
You worshipped Dithmenos.
Dithmenos was exalted by your worship.
You visited 4 branches of the dungeon, and saw 20 of its levels.
You also visited: Bailey.

You collected 1534 gold pieces.

Inventory:

Hand Weapons
 i - a +2 dagger of venom
 k - a +0 flail of draining
 t - a +1 flail of holy wrath
 D - a +0 broad axe (weapon)
Missiles
 P - 2 throwing nets
Armour
 c - a +0 buckler (worn)
 d - the +6 plate armour "Vairoydd" {Drain rF++}
   (You found it on level 2 of the Shoals)

   rF:        It greatly protects you from fire.
   Drain:     It drains your maximum health when unequipped.
 m - a +0 pair of gloves (worn)
 u - the +2 plate armour of the Griffon (worn) {Fly rC+}
   (You acquired it in a bailey)

   rC:        It protects you from cold.
   Fly:       It grants you flight.
 x - the +2 ratskin cloak (worn) {*Rats rPois rN+ Str-1 Int-1 Dex+1}
   (You acquired it on level 7 of the Dungeon)

   *Rats:     When the wearer is hurt, rats may emerge from it to assist them.
   Str:       It affects your strength (-1).
   Int:       It affects your intelligence (-1).
   Dex:       It affects your dexterity (+1).
   rPois:     It protects you from poison.
   rN:        It protects you from negative energy.
 y - the +3 crown of Dyrovepreva (worn) {rElec Int+2 SInv}
   (You acquired it in a bailey)

   Int:       It affects your intelligence (+2).
   rElec:     It insulates you from electricity.
   SInv:      It lets you see invisible.
 F - the +0 plate armour of Xamung {Str-5 Slay+5 Stlth+}
   (You found it on level 10 of the Dungeon)

   Str:       It affects your strength (-5).
   Slay:      It affects your accuracy & damage with ranged weapons and melee
   (+5).
   Stlth:     It makes you more stealthy.
Jewellery
 f - a +5 ring of evasion
 g - an amulet of the acrobat
 h - an amulet of regeneration (around neck)
 p - a ring of willpower (left hand)
 B - a ring of willpower (right hand)
 M - a ring of protection from cold
 N - a +4 ring of protection
 S - a ring of flight
Wands
 n - a wand of quicksilver (6)
 C - a wand of digging (14)
 H - a wand of flame (26)
 I - a wand of iceblast (7)
Scrolls
 a - 3 scrolls of identify
 j - 6 scrolls of teleportation
 s - 2 scrolls of fog
 z - 2 scrolls of magic mapping
 G - 2 scrolls of fear
 O - 2 scrolls of poison
 Q - 3 scrolls of silence
 R - a scroll of enchant weapon
Potions
 b - 3 potions of magic
 e - a potion of ambrosia
 l - 8 potions of curing
 o - 4 potions of attraction
 q - a potion of mutation
 r - 4 potions of heal wounds
 v - a potion of lignification
 w - 4 potions of brilliance
 A - a potion of haste
 E - 2 potions of invisibility
 J - 2 potions of resistance
 K - a potion of flight
 L - 2 potions of berserk rage


   Skills:
 + Level 13.7 Fighting
 - Level 18.1 Axes
 + Level 12.7 Armour
 + Level 12.7 Shields
 * Level 19.1 Invocations


You had 14 spell levels left.
You didn't know any spells.
Your spell library contained the following spells:

 Spells                   Type           Power      Damage    Failure   Level
 Freeze                   Ice            0%         1d3       98%         1
 Blink                    Tloc           0%         N/A       99%         2
 Confusing Touch          Hex            0%         N/A       100%        3
 Frozen Ramparts          Ice            0%         1d1       100%        3
 Hailstorm                Conj/Ice       0%         3d3       100%        3
 Mephitic Cloud           Conj/Pois/Air  0%         N/A       100%        3
 Portal Projectile        Hex/Tloc       0%         N/A       100%        3
 Tukima's Dance           Hex            0%         N/A       100%        3
 Volatile Blastmotes      Fire/Tloc      0%         2d10      100%        3
 Anguish                  Hex/Necr       0%         N/A       100%        4
 Cause Fear               Hex            0%         N/A       100%        4
 Fulminant Prism          Conj/Hex       0%         3d5       100%        4
 Iskenderun's Mystic Bla  Conj/Tloc      0%         2d3       100%        4
 Manifold Assault         Tloc           0%         N/A       100%        4
 Blade Hands              Tmut           0%         N/A       100%        5
 Lee's Rapid Deconstruct  Erth           0%         3d4*      100%        5
 Metabolic Englaciation   Hex/Ice        0%         N/A       100%        5
 Enfeeble                 Hex            0%         N/A       100%        7
 Storm Form               Tmut/Air       0%         N/A       100%        7
 Maxwell's Capacitive Co  Air            0%         ∞         100%        8


Dungeon Overview and Level Annotations

Branches:
Dungeon (11/15)            Temple (1/1) D:4            Lair (5/5) D:11
 Shoals (3/4) Lair:3        Snake (0/4) Lair:3        Slime (0/5) Lair:5
    Orc (0/2) D:11         Bailey (visited)

Altars:
Cheibriados
Dithmenos
Elyvilon
Gozag
Hepliaklqana
Kikubaaqudgha
Makhleb
Okawaru
Qazlal
Ru
Sif Muna
Trog
Uskayaw
Vehumet
Wu Jian
Xom
Yredelemnul
The Shining One

Shops:
D:2 (


Innate Abilities, Weirdness & Mutations

You possess an exceptional clarity of mind.
You are strong-willed. (Will+)


Message History

The snapping turtle bites you from afar!!
* * * LOW HITPOINT WARNING * * *
Okay, then.
As you read the scroll of teleportation, it crumbles to dust.
You feel strangely unstable.
The merfolk javelineer throws a silver javelin.
The silver javelin pierces through you but does no damage.
The silver sears you!
* * * LOW HITPOINT WARNING * * *
You block the snapping turtle's attack.
Cleave: D) +0 broad axe
Press: ? - help, Dir - move target, f - merfolk javelineer
Aim: a merfolk javelineer, wielding a +0 spear, wearing a +0 leather armour and quivering silver javelins (black smoke, heavily wounded, umbra, about 38% to evade your +0 broad axe)
You closely miss the merfolk javelineer.
The merfolk javelineer is heavily wounded.
The merfolk javelineer throws a silver javelin.
The silver javelin pierces through you.
* * * LOW HITPOINT WARNING * * *
The silver sears you!
* * * LOW HITPOINT WARNING * * *
Cleave: D) +0 broad axe
Press: ? - help, Dir - move target, f/p - merfolk javelineer
Aim: a merfolk javelineer, wielding a +0 spear, wearing a +0 leather armour and quivering silver javelins (black smoke, heavily wounded, umbra, about 38% to evade your +0 broad axe)
You closely miss the merfolk javelineer.
The merfolk javelineer is heavily wounded.
The snapping turtle bites you from afar.
* * * LOW HITPOINT WARNING * * *
You emit a cloud of dark smoke.
Cleave: D) +0 broad axe
Press: ? - help, Dir - move target, f/p - merfolk javelineer
Aim: a merfolk javelineer, wielding a +0 spear, wearing a +0 leather armour and quivering silver javelins (black smoke, heavily wounded, umbra, about 38% to evade your +0 broad axe)
You closely miss the merfolk javelineer.
The merfolk javelineer is heavily wounded.
The merfolk javelineer throws a silver javelin.
The silver javelin pierces through you!
* * * LOW HITPOINT WARNING * * *
The silver sears you!
* * * LOW HITPOINT WARNING * * *
The snapping turtle bites you from afar!
You die...

~~~~≈≈≈≈≈≈≈≈≈
#..~≈≈≈~~~~~~~~~~≈≈≈≈≈≈≈
##~~~~≈~~~~~~~~~~~≈≈≈≈≈≈~
#.~~~~~~~~~~~~~~~~~≈≈≈≈≈≈≈
#.~~~~~~~~~~~~~~~≈≈≈≈≈≈≈≈≈
...~~~~~~..~~~~~~≈≈≈≈≈≈≈≈
#..~.§§§§§...~~~~≈≈≈≈≈≈≈
#...§§§§# #.~~~~~≈≈≈≈≈≈
#...§§@m# #~~~~~≈≈≈≈≈≈ .##
#.t§§§####.~~~~≈≈≈≈≈≈ ~..##
######§§§§§~~~~~~~~~≈≈≈≈≈
~....##..###..~~≈≈≈~~~.~~~~~~~≈
...~...~§~§~~.~~~~...~.~~~~~~~~
....~~§~§§§~~~)~~.##........~~~
....~~§§§§~~~.~~~###..##..<..~~
..#.~~~~§§....~~..............~
....~~~§.#####................~


You could see a merfolk javelineer and a snapping turtle.

Vanquished Creatures
  A titan (Shoals:2)
  2 frost giants (Shoals:2)
  A stone giant (Shoals:2)
  A merfolk javelineer (Shoals:2)
  2 merfolk impalers
  A merfolk avatar (Shoals:3)
  3 hydras
  Erolcha (D:9)
  4 catoblepae (Lair:5)
  A boulder beetle (Lair:3)
  3 two-headed ogres
  A satyr (Shoals:3)
  Urug (Lair:3)
  7 death yaks (Lair:5)
  2 skysharks (Shoals:2)
  Amaemon (Lair:3)
  A deep troll (D:9)
  An obsidian statue (D:10)
  7 sea snakes
  Pikel (D:8)
  A lindwurm (Lair:4)
  A deep elf pyromancer (D:10)
  19 harpies
  An orc knight (Bailey)
  8 cyclopes
  9 fauns
  4 manticores
  An orc sorcerer (Bailey)
  A black mamba (Lair:5)
  6 elephants (Lair:3)
  2 merfolk sirens (Shoals:2)
  A torpor snail (Lair:3)
  2 water nymphs
  A gargoyle (D:11)
  An orange demon (Lair:3)
  An unseen horror (D:10)
  3 rime drakes
  13 cane toads
  An efreet (D:10)
  An unseen horror zombie (D:8)
  5 komodo dragons
  2 kobold demonologists
  4 harpy zombies (Shoals:3)
  6 merfolk
  9 trolls
  3 wind drakes
  A hornet (D:8)
  12 blink frogs
  2 snapping turtles
  9 dream sheep
  2 shadows (D:10)
  A wraith (D:10)
  11 wyverns
  48 yaks
  3 basilisks
  2 steam dragons (D:6)
  A vampire (D:11)
  A vampire mosquito (D:10)
  A naga (Lair:3)
  A warg (D:11)
  3 water moccasins
  16 orc warriors
  A sky beast (D:7)
  An ice beast (D:6)
  2 ogres
  22 wolves
  2 hornet zombies (D:8)
  8 centaurs
  3 lemures (D:8)
  A phantom (D:6)
  5 kobold brigands
  14 bullfrogs
  A gnoll sergeant (D:10)
  5 scorpions
  6 wights
  6 killer bees (D:10)
  6 howler monkeys
  7 electric eels
  4 centaur zombies (D:8)
  4 hounds
  Crazy Yiuf (D:2)
  9 orc priests
  2 gnoll boudas
  4 iguanas
  An iron imp (D:9)
  2 sleepcaps
  Jessica (D:2)
  13 orc wizards
  A howler monkey zombie (D:8)
  27 gnolls
  3 adders
  A shadow imp (D:7)
  A white imp (D:5)
  A worm (D:5)
  2 dart slugs
  36 orcs
  6 ball pythons
  6 bats
  A bat zombie (Shoals:3)
  5 endoplasms
  A giant cockroach (D:2)
  15 goblins
  12 hobgoblins
  6 jackals
  2 quokkas
  2 frilled lizards (D:1)
  55 kobolds
  5 rats
581 creatures vanquished.

Vanquished Creatures (collateral kills)
  A hydra (Lair:5)
  A catoblepas (Lair:1)
  A two-headed ogre (D:11)
  A harpy (Shoals:3)
  A faun (Shoals:1)
  A komodo dragon (D:10)
  A rime drake (Lair:1)
  A troll (D:9)
  A blink frog (Lair:3)
  4 yaks
  A vampire mosquito (D:10)
  A centaur (Lair:3)
  A killer bee (D:10)
  2 orc priests
  An orc (D:9)
19 creatures vanquished.

Vanquished Creatures (others)
  A cyclops (Shoals:2)
  A blink frog (Lair:3)
  A centaur simulacrum (D:10)
  A centaur (Lair:3)
4 creatures vanquished.

Grand Total: 604 creatures vanquished

Notes
Turn   | Place    | Note
-------+----------+-------------------------------------------
     0 | D:1      | Graphine the Hill Orc Fighter began the quest for the Orb.
     0 | D:1      | Reached XP level 1. HP: 19/19 MP: 1/1
   326 | D:1      | Reached XP level 2. HP: 25/27 MP: 2/2
   941 | D:2      | Noticed Jessica
   951 | D:2      | Killed Jessica
   952 | D:2      | Reached XP level 3. HP: 25/33 MP: 3/3
   961 | D:2      | Found a faded altar of an unknown god.
  1083 | D:2      | Reached XP level 4. HP: 40/40 MP: 4/4
  1144 | D:2      | Found Libib's Weapon Shoppe.
  1339 | D:2      | Found a runed translucent door.
  1340 | D:2      | Noticed Crazy Yiuf
  1360 | D:2      | Killed Crazy Yiuf
  1651 | D:3      | You fall into a shaft and drop 2 floors!
  1651 | D:5      | Entered Level 5 of the Dungeon
  1660 | D:5      | Noticed a centaur
  1661 | D:5      | Noticed an ogre
  1672 | D:5      | Reached XP level 5. HP: 47/47 MP: 5/5
  1674 | D:5      | Killed an ogre
  1675 | D:5      | Reached skill level 5 in Axes
  1675 | D:5      | Reached XP level 6. HP: 53/53 MP: 6/6
  1681 | D:5      | Reached skill level 5 in Fighting
  1935 | D:4      | Found a staircase to the Ecumenical Temple.
  1954 | D:4      | Reached XP level 7. HP: 48/61 MP: 7/7
  1962 | Temple   | Entered the Ecumenical Temple
  2227 | Temple   | Became a worshipper of Dithmenos the Shadowed
  2615 | D:4      | Reached skill level 1 in Invocations
  3042 | D:5      | Gained mutation: You occasionally lose the ability to drink
                  | potions when taking damage. [potion of mutation]
  3042 | D:5      | Gained mutation: You are partially covered in iridescent
                  | scales. (AC +2) [potion of mutation]
  3107 | D:5      | Reached skill level 5 in Shields
  3107 | D:5      | Reached skill level 2 in Invocations
  3200 | D:5      | Reached skill level 5 in Armour
  3628 | D:6      | Noticed a steam dragon
  3742 | D:6      | Reached skill level 3 in Invocations
  3803 | D:6      | Reached XP level 8. HP: 62/70 MP: 10/10
  3816 | D:6      | Reached * piety under Dithmenos
  3840 | D:6      | Reached skill level 4 in Invocations
  4084 | D:6      | Reached skill level 5 in Invocations
  4112 | D:6      | Found a white marble altar of Elyvilon.
  4222 | D:6      | Reached XP level 9. HP: 76/78 MP: 13/13
  4530 | D:6      | Reached ** piety under Dithmenos
  4546 | D:6      | Reached skill level 6 in Invocations
  5068 | D:7      | Found an opulent altar of Gozag.
  5153 | D:7      | Reached skill level 7 in Invocations
  5197 | D:7      | Found a sacrificial altar of Ru.
  5283 | D:7      | Reached *** piety under Dithmenos
  5328 | D:7      | Found a flagged portal.
  5337 | Bailey   | Entered a bailey
  5386 | Bailey   | Reached skill level 10 in Axes
  5428 | Bailey   | Noticed a kobold demonologist
  5432 | Bailey   | Noticed a hellwing
  5435 | Bailey   | Noticed a smoke demon
  5441 | Bailey   | Noticed a rust devil
  5441 | Bailey   | HP: 2/79 [smoke demon/divine providence[a kobold
                  | demonologist] (13)]
  5443 | Bailey   | Killed a kobold demonologist
  5444 | Bailey   | Reached skill level 8 in Invocations
  5519 | Bailey   | Noticed an orc knight
  5529 | Bailey   | Reached XP level 10. HP: 65/86 MP: 16/16
  5531 | Bailey   | Killed an orc knight
  5577 | Bailey   | Found an iron altar of Okawaru.
  5577 | Bailey   | Noticed an orc sorcerer
  5585 | Bailey   | Killed an orc sorcerer
  5586 | Bailey   | Reached skill level 9 in Invocations
  5652 | Bailey   | Identified the +0 ring mail of the Cockroach {rF+}
  6069 | Bailey   | Acquired the +3 crown of Dyrovepreva {rElec Int+2 SInv}
  6069 | Bailey   | Found the +3 crown of Dyrovepreva {rElec Int+2 SInv}
  6080 | Bailey   | Acquired the +2 plate armour of the Griffon {Fly rC+}
  6310 | D:7      | Acquired the +2 ratskin cloak {*Rats rPois rN+ Str-1 Int-1
                  | Dex+1}
  6310 | D:7      | Found the +2 ratskin cloak {*Rats rPois rN+ Str-1 Int-1
                  | Dex+1}
  6464 | D:8      | Reached **** piety under Dithmenos
  6561 | D:8      | Noticed Pikel
  6590 | D:8      | Killed Pikel
  6767 | D:8      | Reached skill level 10 in Invocations
  6938 | D:8      | Reached XP level 11. HP: 85/95 MP: 18/18
  6947 | D:8      | Found a basalt altar of Yredelemnul.
  7032 | D:8      | Got the Precepts of the Windy Oath
  7567 | D:9      | Found a snail-covered altar of Cheibriados.
  7635 | D:9      | Noticed Erolcha
  7645 | D:9      | Killed Erolcha
  7656 | D:9      | Reached skill level 11 in Invocations
  8049 | D:9      | Reached ***** piety under Dithmenos
  8137 | D:9      | Noticed a deep troll
  8153 | D:9      | Killed a deep troll
  8342 | D:9      | Noticed a two-headed ogre
  8350 | D:9      | Killed a two-headed ogre
  8595 | D:10     | Entered Level 10 of the Dungeon
  8595 | D:10     | Found a runed translucent door.
  8605 | D:10     | Reached skill level 12 in Invocations
  8683 | D:10     | Reached XP level 12. HP: 105/105 MP: 21/21
  8707 | D:10     | Identified the +0 plate armour of Xamung {Str-5 Slay+5
                  | Stlth+}
  8783 | D:10     | Found a runed translucent door.
  9030 | D:10     | Reached skill level 10 in Fighting
  9253 | D:10     | Reached skill level 13 in Invocations
  9884 | D:11     | Noticed a two-headed ogre
  9892 | D:11     | Killed a two-headed ogre
  9969 | D:11     | Noticed a two-headed ogre
  9980 | D:11     | Killed a two-headed ogre
  9981 | D:11     | Reached skill level 15 in Axes
  9987 | D:11     | Found a staircase to the Orcish Mines.
 10289 | D:11     | Found a staircase to the Lair.
 10639 | D:11     | Noticed a two-headed ogre
 10648 | D:11     | Killed a two-headed ogre
 10649 | D:11     | Reached skill level 14 in Invocations
 10649 | D:11     | Reached XP level 13. HP: 99/114 MP: 23/23
 10818 | Lair:1   | Entered Level 1 of the Lair of Beasts
 10908 | Lair:1   | Reached ****** piety under Dithmenos
 10977 | Lair:1   | Reached skill level 10 in Shields
 11073 | Lair:1   | Reached skill level 10 in Armour
 12694 | Lair:3   | Noticed Urug
 12720 | Lair:3   | Killed Urug
 12721 | Lair:3   | Reached skill level 15 in Invocations
 12735 | Lair:3   | Found a staircase to the Shoals.
 13068 | Lair:3   | Found a staircase to the Snake Pit.
 13411 | Lair:3   | Noticed Amaemon
 13434 | Lair:3   | Killed Amaemon
 13521 | Lair:3   | Reached XP level 14. HP: 124/124 MP: 25/25
 14025 | Lair:4   | Reached skill level 16 in Invocations
 14560 | Lair:5   | Entered Level 5 of the Lair of Beasts
 14700 | Lair:5   | Found a staircase to the Slime Pits.
 16123 | Shoals:1 | Entered Level 1 of the Shoals
 16155 | Shoals:1 | Reached skill level 17 in Invocations
 16393 | Shoals:1 | Reached XP level 15. HP: 76/134 MP: 27/27
 17094 | Shoals:1 | Lost mutation: You occasionally lose the ability to drink
                  | potions when taking damage. [potion of mutation]
 17094 | Shoals:1 | Lost mutation: You are partially covered in iridescent
                  | scales. (AC +2) [potion of mutation]
 17094 | Shoals:1 | Gained mutation: You sometimes lose your temper in combat.
                  | [potion of mutation]
 17094 | Shoals:1 | Gained mutation: You occasionally lose the ability to drink
                  | potions when taking damage. [potion of mutation]
 17094 | Shoals:1 | Gained mutation: Your muscles are strong. (Str +4, Int/Dex
                  | -1) [potion of mutation]
 17095 | Shoals:1 | Lost mutation: You sometimes lose your temper in combat.
                  | [potion of mutation]
 17095 | Shoals:1 | Lost mutation: Your muscles are strong. (Str +4, Int/Dex
                  | -1) [potion of mutation]
 17095 | Shoals:1 | Lost mutation: You occasionally lose the ability to drink
                  | potions when taking damage. [potion of mutation]
 17095 | Shoals:1 | Gained mutation: You possess an exceptional clarity of
                  | mind. [potion of mutation]
 17095 | Shoals:1 | Gained mutation: You are strong-willed. (Will+) [potion of
                  | mutation]
 17121 | Shoals:2 | Identified the +2 robe of Exclusion {+Blink Str+3 Slay+2}
 17469 | Shoals:2 | Reached skill level 18 in Invocations
 17602 | Shoals:2 | Identified the +3 helmet of the Jolly Spirits {Dex+4}
 18073 | Shoals:2 | Noticed a titan
 18091 | Shoals:2 | Killed a titan
 18122 | Shoals:2 | Noticed a frost giant
 18141 | Shoals:2 | Killed a frost giant
 18145 | Shoals:2 | Noticed a frost giant
 18156 | Shoals:2 | Identified the +6 plate armour "Vairoydd" {Drain rF++}
 18192 | Shoals:2 | Killed a frost giant
 18906 | Shoals:3 | Reached skill level 19 in Invocations
 19069 | Shoals:3 | HP: 5/137 [merfolk javelineer/silver javelin (10)]
 19069 | Shoals:3 | Mangled by a snapping turtle

Illustrated notes

Levels and vault maps discovered:
D:1:      psy_arrival_statuary, layout_basic, serial_bayou_pond_c
D:2:      layout_rooms, dreamdust_ecumenical_altar_statues, serial_shops,
          nicolae_shop_tiny_waterfront, minmay_3d_cube, uniq_crazy_yiuf_cottage,
          uniq_jessica
D:3:      layout_basic, zin_purify, nicolae_overflow_crystal_walls,
          mainiacjoe_overflow_catwalk_spiral
D:4:      layout_cave_pods, minmay_temple_entry_large_hall, serial_rivers,
          chequers_serial_rivers_small_a, chequers_serial_rivers_room_b,
          chequers_serial_rivers_micro_d, chequers_serial_rivers_micro_d
D:5:      layout_loops_ring
D:6:      minmay_goblin_kobold_castle, layout_gridville, elyvilon_altar_5,
          minmay_checkerbox
D:7:      layout_rooms, nicolae_gozag_seed_capital, nicolae_ru_path_of_blood,
          enter_bailey_7
D:8:      layout_basic, nicolae_yredelemnul_corpse_copse, uniq_pikel
D:9:      lemuel_troll_bridge, layout_gridville, slow_altar_1,
          nicolae_underground_beach, uniq_erolcha
D:10:     cheibrodos_histonic, layout_basic, grunt_ministairs_7, minivault_16
D:11:     layout_grid_maze, lair_entry_dummy, erik_orc_4
Temple:   nicolae_temple_figure_eight
Lair:1:   layout_small_grid, serial_bayou_shore_a, grunt_megastairs_1
Lair:2:   layout_gridlike
Lair:3:   layout_regular_city, minmay_shoals_entry_centaurs,
          guppyfry_snake_entry_island, nzn_sisyphean_effort,
          infiniplex_staircase_pool_2, lemuel_fruit_tree, uniq_amaemon,
          uniq_urug
Lair:4:   layout_regular_city, lemuel_fruit_fields, grunt_megastairs_4
Lair:5:   evilmike_catoblepas_cave, layout_cave_pods, slime_entry_1,
          serial_forest, infiniplex_forest_end_3, infiniplex_forest_straight_4,
          infiniplex_forest_clump_double, infiniplex_forest_clump_tiny,
          infiniplex_forest_straight_4, infiniplex_forest_lined_3_way,
          infiniplex_forest_end_1, small_statue_intersection
Shoals:1: layout_shoals, nicolae_shoals_seven_spires
Shoals:2: layout_shoals, st_sunken_temple
Shoals:3: layout_shoals, nicolae_shoals_undead_eyrie

Skill      XL: |  1  2  3  4  5  6  7  8  9 10 11 12 13 14 15 |
---------------+----------------------------------------------+-----
Axes           | 3 4 5 6 7 8 10 12 13 15 16 18 | 18.1
Fighting       | 4 5 6 7 8 9 10 11 12 13 | 13.7
Armour         | 4 5 6 7 8 9 10 11 12 | 12.7
Shields        | 4 5 6 7 8 9 10 11 12 | 12.7
Invocations    | 3 5 8 10 12 14 15 17 19 | 19.1

Action                     |  1- 3 |  4- 6 |  7- 9 | 10-12 | 13-15 || total
---------------------------+-------+-------+-------+-------+-------++-------
  Melee: War axe           |    69 |   106 |   449 |   238 |       ||   862
         Broad axe         |       |       |       |   486 |  1048 ||  1534
         Flail             |       |       |       |       |    43 ||    43
 Invoke: Shadow Step       |       |       |       |     1 |       ||     1
         Shadow Form       |       |       |       |       |     1 ||     1
  Evoke: Wand              |       |       |     8 |     5 |     1 ||    14
    Use: Scroll            |     5 |     2 |     5 |    10 |    10 ||    32
         Potion            |       |     2 |     2 |     4 |     3 ||    11
   Stab: Distracted        |       |       |       |     2 |     4 ||     6
         Invisible         |       |       |       |       |     8 ||     8
         Petrified         |       |       |       |       |     4 ||     4
 Armour: Scale mail        |    39 |    60 |   251 |     7 |       ||   357
         Plate armour      |       |       |       |   520 |   758 ||  1278
  Dodge: Dodged            |    36 |    48 |   222 |   261 |   368 ||   935
  Block: Buckler           |    16 |    18 |   115 |   195 |   338 ||   682
